 Dungeon Crawl Stone Soup version 0.30.0 (webtiles) character file.

Game seed: 9431501166851963225

5303 browni3141 the Fighter (level 10, -13/97 HPs)
             Began as an Armataur Delver on May 6, 2023.
             Was a High Priest of Zin.
             Mangled by a two-headed ogre
             ... wielding a +0 giant club
              (18 damage)
             ... on level 9 of the Dungeon.
             The game lasted 00:20:50 (9322 turns).

browni3141 the Fighter (Armataur Delver)            Turns: 9322, Time: 00:20:51

Health: -13/97     AC: 17    Str: 21    XL:     10   Next: 37%
Magic:  10/10      EV: 10    Int: 10    God:    Zin [*****.]
Gold:   485        SH:  0    Dex: 22    Spells: 9/9 levels left

rFire   + + .        b - +3 war axe of Wu Jian's Benevolence {heavy, rElec rF+ rC++}
rCold   + + .        (no shield)
rNeg    . . .        v - +4 plate armour {rF+}
rPois   .            x - +0 helmet
rElec   +            (no cloak)
rCorr   .            B - +0 pair of gloves {Dex+3}
SInv    .            (no barding)
Will    .....        (no amulet) Stlth
                     w - +5 ring of evasion
HPRegen 0.36/turn    K - +6 ring of dexterity
MPRegen 0.12/turn

%: roll
@: no status effects
A: large, rugged brown scales 3, deformed body, armoured tail, roll, long
tongue, awkward tongue
a: Renounce Religion, Recite, Vitalisation, Imprison, Sanctuary, Donate Gold


You were on level 9 of the Dungeon.
You worshipped Zin.
Zin was extremely pleased with you.
You visited 1 branch of the dungeon, and saw 9 of its levels.
You also visited: Sewer.

You collected 652 gold pieces.
You donated 167 gold pieces to Zin.

Inventory:

Hand Weapons
 a - the +1 flail "Jagabrys" {holy, rElec Int+3 Dex-2 Stlth+}
   (You took it off a kobold on level 3 of the Dungeon)

   Int:       It affects your intelligence (+3).
   Dex:       It affects your dexterity (-2).
   rElec:     It insulates you from electricity.
   Stlth:     It makes you more stealthy.
 b - the +3 war axe of Wu Jian's Benevolence (weapon) {heavy, rElec rF+ rC++}
   (You found it on level 4 of the Dungeon)

   rF:        It protects you from fire.
   rC:        It greatly protects you from cold.
   rElec:     It insulates you from electricity.
 l - a +2 sling of flaming
 L - a +0 falchion
 X - a +0 short sword
Missiles
 J - 11 poisoned darts (quivered)
 T - 9 boomerangs
 Z - 5 throwing nets
Armour
 r - a +2 robe of willpower
 v - a +4 plate armour of fire resistance (worn)
 x - a +0 helmet (worn)
 y - a +0 leather armour
 B - a +0 pair of gloves of dexterity (worn)
 G - a +3 leather armour
Jewellery
 q - a +6 ring of strength
 s - a ring of positive energy
 w - a +5 ring of evasion (left hand)
 K - a +6 ring of dexterity (right hand)
 O - a +6 ring of strength
Wands
 g - a wand of digging (2)
 M - a wand of roots (3)
 P - a wand of paralysis (11)
Scrolls
 d - 3 scrolls of magic mapping
 n - 2 scrolls of vulnerability {unknown}
 o - a scroll of noise {unknown}
 p - a scroll of enchant weapon {unknown}
 t - 3 scrolls of poison {unknown}
 C - 2 scrolls of blinking {unknown}
 E - 4 scrolls of immolation
 F - 3 scrolls of fog
 I - 8 scrolls of teleportation
 R - a scroll of silence {unknown}
 S - 8 scrolls of identify {unknown}
Potions
 h - 2 potions of haste
 k - a potion of might {unknown}
 m - 2 potions of berserk rage {unknown}
 u - 2 potions of brilliance {unknown}
 z - a potion of ambrosia {unknown}
 A - a potion of invisibility {unknown}
 D - 2 potions of cancellation {unknown}
 H - 3 potions of heal wounds
 N - 9 potions of curing {unknown}
 Q - 6 potions of flight
 U - a potion of magic {unknown}
 V - 3 potions of degeneration {unknown}
 W - a potion of attraction {unknown}
 Y - a potion of mutation {unknown}


   Skills:
 + Level 9.5 Fighting
 - Level 1.7 Short Blades
 * Level 7.7(8.1) Axes
 - Level 4.1(6.8) Maces & Flails
 - Level 7.0 Armour
 - Level 1.3 Dodging
 - Level 5.4 Stealth


You had 9 spell levels left.
You didn't know any spells.
Your spell library contained the following spells:

 Spells                   Type           Power      Damage    Failure   Level
 Kiss of Death            Conj/Necr      0%         2d5       100%        1
 Confusing Touch          Hex            0%         N/A       100%        3
 Frozen Ramparts          Ice            0%         1d1       100%        3
 Stone Arrow              Conj/Erth      0%         3d7       100%        3
 Anguish                  Hex/Necr       0%         N/A       100%        4
 Animate Armour           Summ/Erth      0%         N/A       100%        4
 Cause Fear               Hex            0%         N/A       100%        4
 Dispel Undead            Necr           0%         3d6       100%        4
 Ice Form                 Ice/Tmut       0%         N/A       100%        4
 Summon Ice Beast         Ice/Summ       0%         N/A       100%        4
 Iskenderun's Battlesphe  Conj           0%         2d6       100%        5
 Iron Shot                Conj/Erth      0%         9d1       100%        6
 Enfeeble                 Hex            0%         N/A       100%        7
 Spellforged Servitor     Conj/Summ      0%         N/A       100%        7
 Lehudib's Crystal Spear  Conj/Erth      0%         10d2      100%        8


Dungeon Overview and Level Annotations

Branches:
Dungeon (9/15)             Temple (0/1) D:4           Sewer (visited)
   Lair: D:8-11         Orc: D:9-12

Altars:
Ashenzari
Cheibriados
Dithmenos
Nemelex Xobeh
Okawaru
Qazlal
Uskayaw
Wu Jian
Zin

Shops:
D:3 (   D:6 (


Innate Abilities, Weirdness & Mutations

You are completely covered in rugged brown scales. (AC +3, +7% HP)
Armour fits poorly on your strangely shaped body.
You have a long armoured tail.
You roll when moving toward enemies. (Rampage)
Your long tongue fully drains potion bottles. (2x potion effects)
Your tongue gives you trouble enunciating. (1.5x scroll delay)


Message History

The gnoll is heavily wounded.
The gnoll hits you with a +0 halberd. The gnoll hits you but does no damage.
You slash the gnoll!
You kill the gnoll!
No target in view!
Key pressed, stopping explore.
Z - 5 throwing nets (gained 2)
Items here: )))) [ †††.
Things that are here:
a +0 halberd; a gnoll corpse
N - 9 orange potions (gained 1)
You pay a tithe of 2 gold.
You now have 442 gold pieces (gained 18).
Found a hide-covered altar of Uskayaw.
Found a sparkling altar of Nemelex Xobeh.
Found a stone staircase leading down.
There is a stone staircase leading down here.
You open the door.
There is an open door here.
You pay a tithe of 2 gold.
You now have 459 gold pieces (gained 17).
You pay a tithe of 1 gold.
You now have 466 gold pieces (gained 7).
You pay a tithe of 2 gold.
You now have 485 gold pieces (gained 19).
A two-headed ogre comes into view.
It is wielding two +0 giant spiked clubs.
The two-headed ogre moves out of view.
There are monsters nearby!
There are monsters nearby!
There are monsters nearby!
Activating: Recite (5% risk of failure)
Press: ? - help, Dir - look around, f - activate You clear your throat and prepare to recite. "To those who would swear an oath of piety on my altar..."
The two-headed ogre shouts in stereo! "...I bring ye salvation.
To the rest, ye servants of Hell..." "...and the blasphemous, the name of Zin shall be thy damnation."
You finish reciting Anathema 20:50.
You hit the two-headed ogre.
The two-headed ogre is lightly wounded.
The two-headed ogre hits you with a +0 giant spiked club! x2
The two-headed ogre hits you but does no damage.
The two-headed ogre closely misses you.
You slice the two-headed ogre!!
The two-headed ogre is severely wounded.
The two-headed ogre attacks as you move away!
The two-headed ogre hits you but does no damage.
The two-headed ogre hits you with a +0 giant club!!
The two-headed ogre attacks as you move away!
The two-headed ogre barely misses you. x2
Aiming: Fastroot
Press: ? - help, Shift-Dir - straight line, f - two-headed ogre
Aim: a two-headed ogre, wielding two +0 giant spiked clubs (severely wounded)
The roots erupt in riotous growth!
Roots grab the two-headed ogre. x2
The grasping roots constrict the two-headed ogre. x2
The two-headed ogre struggles to escape constriction. x2
The grasping roots constrict the two-headed ogre.
The grasping roots constrict the two-headed ogre!
The roots release their grip on the two-headed ogre. x2
You throw a poisoned dart.
The poisoned dart hits the two-headed ogre.
The two-headed ogre is poisoned.
The two-headed ogre is almost dead.
Aiming: Fastroot
Press: ? - help, Shift-Dir - straight line, f/p - two-headed ogre
Aim: a two-headed ogre, wielding two +0 giant spiked clubs (almost dead, poisoned)
The roots erupt in riotous growth!
Roots grab the two-headed ogre. x2
The grasping roots constrict the two-headed ogre. x2
The two-headed ogre barely misses you. x2
The two-headed ogre struggles to escape constriction.
You completely miss the two-headed ogre.
You punch the two-headed ogre, but do no damage.
The two-headed ogre is almost dead.
The grasping roots constrict the two-headed ogre!
You kill the two-headed ogre!
The grasping roots constrict the two-headed ogre.
The roots release their grip on the two-headed ogre.
The two-headed ogre hits you with a +0 giant club!!
The two-headed ogre hits you with a +0 giant club!
Aiming: Fastroot
Press: ? - help, Shift-Dir - straight line, f - two-headed ogre
Aim: a two-headed ogre, wielding two +0 giant clubs (moderately wounded)
The roots erupt in riotous growth!
Roots grab the two-headed ogre.
The grasping roots constrict the two-headed ogre.
The grasping roots constrict the two-headed ogre.
The roots release their grip on the two-headed ogre.
Aiming: Fastroot
Press: ? - help, Shift-Dir - straight line, f/p - two-headed ogre
Aim: a two-headed ogre, wielding two +0 giant clubs (heavily wounded)
The roots erupt in riotous growth!
Roots grab the two-headed ogre.
You are ready to recite again.
The grasping roots constrict the two-headed ogre.
The two-headed ogre hits you with a +0 giant club!!
* * * LOW HITPOINT WARNING * * *
The two-headed ogre hits you with a +0 giant club!!
You die...

........)# #.#.##.##.#####
......#.#..####.#.#.....<##..
........#.#..#....#.#..........
........#.#..#.####.#....#.#...
........#.#.....###.#..........
........#.##.#..#.........##...
. ##.#..#.#.#.....##.## ..##
#.........#........#
.....#..#@.....#.########
.....#..#O.#...#'# ##
..O.....#)......... ##.
#..#(###...... #..
##O#........... #..
#......##..... #.. #......#
..... #.. #......# ... #..
#).....# #..


You could see a two-headed ogre (rooted).

Vanquished Creatures
  A two-headed ogre (D:9)
  The ghost of jujuben the Sneak, a novice KoEn (D:5)
  Sigmund (D:4)
  A wraith (D:9)
  4 yaks (D:9)
  Menkaure (D:5)
  A water moccasin (D:6)
  2 acid dragons
  Duvessa (D:6)
  An orc warrior (D:8)
  4 sky beasts
  3 ogres
  2 ice beasts (D:6)
  3 centaurs
  A phantom (D:3)
  4 bullfrogs
  2 gnoll sergeants
  2 scorpions (D:5)
  Dowan (D:6)
  A howler monkey (D:7)
  2 electric eels (D:6)
  2 jellies
  4 quasits (D:4)
  2 hounds (D:7)
  2 sleepcaps
  6 iguanas
  9 orc wizards
  A sickly merfolk siren (Sewer)
  A malarious merfolk avatar (Sewer)
  11 adders
  18 gnolls
  2 river rats (Sewer)
  A shadow imp (D:6)
  A white imp (D:7)
  2 ufetubi
  3 worms
  The ghost of browni3141 the Sneak, a weakling AtDe (D:4)
  18 dart slugs
  29 orcs
  7 endoplasms
  8 giant cockroaches
  4 hobgoblins
  3 jackals (D:1)
  4 quokkas
  3 training dummies (D:6)
  11 ball pythons
  4 bats
  5 frilled lizards
  3 goblins
  9 kobolds
  28 rats
241 creatures vanquished.

Vanquished Creatures (others)
  3 fungi (D:7)
3 creatures vanquished.

Grand Total: 244 creatures vanquished

Notes
Turn   | Place    | Note
-------+----------+-------------------------------------------
     0 | D:5      | browni3141 the Armataur Delver began the quest for the Orb.
     0 | D:5      | Reached XP level 1. HP: 19/19 MP: 1/1
    25 | D:5      | Found a snail-covered altar of Cheibriados.
    25 | D:5      | Found a glowing silver altar of Zin.
    28 | D:5      | Became a worshipper of Zin the Law-Giver
    54 | D:5      | Found a runed translucent door.
    64 | D:5      | Noticed an ogre
    93 | D:5      | Noticed jujuben's ghost (novice KoEn)
    94 | D:5      | Noticed a centaur
   113 | D:5      | Noticed a scorpion
   114 | D:5      | Killed an ogre
   115 | D:5      | Reached skill level 4 in Fighting
   115 | D:5      | Reached XP level 2. HP: 7/29 MP: 2/2
   115 | D:5      | Reached XP level 3. HP: 9/36 MP: 3/3
   115 | D:5      | Reached XP level 4. HP: 11/43 MP: 4/4
   242 | D:4      | Found a glowing drain.
   337 | Sewer    | Entered a sewer
   383 | Sewer    | Reached skill level 5 in Fighting
   560 | Sewer    | HP: 1/44 [sickly merfolk siren (3)]
   772 | Sewer    | Reached XP level 5. HP: 6/51 MP: 5/5
  1343 | Sewer    | Reached * piety under Zin
  1499 | D:4      | Noticed a phantom
  1643 | D:3      | Found an ornate altar of the Wu Jian Council.
  1649 | D:3      | Reached skill level 6 in Fighting
  2016 | D:1      | Reached ** piety under Zin
  2023 | D:1      | Reached XP level 6. HP: 60/60 MP: 6/6
  3215 | D:3      | Identified the +1 flail "Jagabrys" {holy, rElec Int+3 Dex-2
                  | Stlth+}
  3330 | D:3      | Found Iffocs's Antique Weapon Shoppe.
  3671 | D:3      | Donated 102 gold pieces to Zin
  3760 | D:4      | Noticed browni3141's ghost (weakling AtDe)
  3760 | D:4      | Found a transporter.
  3774 | D:4      | Found a transporter.
  4050 | D:4      | Reached *** piety under Zin
  4138 | D:4      | Noticed Sigmund
  4150 | D:4      | Reached XP level 7. HP: 53/68 MP: 7/7
  4361 | D:4      | Found a staircase to the Ecumenical Temple.
  4387 | D:4      | Killed Sigmund
  4388 | D:4      | Reached skill level 7 in Fighting
  4388 | D:4      | Reached skill level 3 in Maces & Flails
  4570 | D:4      | Lost dexterity.
  4595 | D:4      | Killed browni3141's ghost
  4614 | D:4      | Identified the +3 war axe of Wu Jian's Benevolence {heavy,
                  | rElec rF+ rC++}
  4777 | D:5      | Noticed Menkaure
  4782 | D:5      | Killed Menkaure
  4832 | D:5      | Reached XP level 8. HP: 72/78 MP: 8/8
  5078 | D:5      | Reached **** piety under Zin
  5347 | D:5      | Reached skill level 3 in Axes
  5367 | D:5      | Killed jujuben's ghost
  5368 | D:5      | Reached skill level 8 in Fighting
  5674 | D:6      | Found Sederum's Firing Range.
  5958 | D:6      | Reached skill level 3 in Armour
  5996 | D:6      | Reached XP level 9. HP: 83/86 MP: 9/9
  6001 | D:6      | Noticed Duvessa
  6006 | D:6      | Noticed Dowan
  6011 | D:6      | Killed Duvessa
  6013 | D:6      | Killed Dowan
  6871 | D:7      | Reached ***** piety under Zin
  7623 | D:8      | Reached skill level 6 in Axes
  7633 | D:8      | Reached skill level 6 in Armour
  8125 | D:8      | Found a shadowy altar of Dithmenos.
  8126 | D:8      | Found a broken altar of Ashenzari.
  8493 | D:9      | Noticed a two-headed ogre
  8607 | D:9      | Found an iron altar of Okawaru.
  8609 | D:9      | Found a stormy altar of Qazlal.
  8612 | D:9      | Reached skill level 9 in Fighting
  8612 | D:9      | Reached XP level 10. HP: 77/97 MP: 10/10
  9189 | D:9      | Found a hide-covered altar of Uskayaw.
  9192 | D:9      | Found a sparkling altar of Nemelex Xobeh.
  9304 | D:9      | Noticed a two-headed ogre
  9319 | D:9      | Killed a two-headed ogre
  9322 | D:9      | Mangled by a two-headed ogre

Illustrated notes

Levels and vault maps discovered:
D:1:      kennysheep_arrival_forest, layout_basic
D:2:      layout_rooms
D:3:      layout_loops_ring, nicolae_wu_jian_wuxing_cycle, serial_shops,
          nicolae_shop_trees, kennysheep_generic_room_8
D:4:      layout_rooms, minmay_temple_entry_sparse_star,
          gammafunk_ghost_stat_death, gup_sewer_entry_glass, uniq_sigmund
D:5:      kennysheep_spiral_hall, layout_cave_pools,
          gammafunk_temple_overflow_elements, ebering_ghost_inner_flame,
          uniq_menkaure
D:6:      kennysheep_slugbush, layout_cave_pools, glass_columns_b,
          nicolae_sextant, grunt_ministairs_5, nicolae_shop_firing_range,
          uniq_duvessa
D:7:      layout_rooms, serial_co_window_serial, co_window_cross_1,
          co_window_of_opportunity_a, co_window_corner_a, co_window_cross_1,
          co_window_corner_a, co_window_corner_a, co_window_cross_1,
          co_window_corner_a, co_window_corner_a, co_window_2corner,
          co_window_corner_b, co_window_corner_ca, co_window_of_opportunity_b,
          co_window_corner_b, glass_columns_a, glass_columns_a, glass_columns_b,
          grunt_ogre_cave, minmay_misc_feat_diagonals, grunt_decor_one_mirror,
          minmay_misc_feat_five, dk_noncrumbling_3, dreamdust_gnoll_farm
D:8:      layout_cave_pools, mainiacjoe_overflow_divided_tiny,
          nicolae_eternal_life
D:9:      layout_basic, grunt_temple_overflow_open,
          chequers_temple_overflow_statue_of_worship

Skill      XL: |  1  2  3  4  5  6  7  8  9 10 |
---------------+-------------------------------+-----
Fighting       | 4 5 6 7 8 9 |  9.5
Maces & Flails | 2 4 |  4.1
Axes           | 2 4 6 7 |  7.7
Armour         | 3 7 |  7.0
Short Blades   | |  1.7
Dodging        | |  1.3
Stealth        | |  5.4

Action                     |  1- 3 |  4- 6 |  7- 9 | 10-12 || total
---------------------------+-------+-------+-------+-------++-------
  Melee: Short sword       |    11 |   178 |       |       ||   189
         Tailslap          |     4 |    44 |    35 |     3 ||    86
         Punch             |       |     3 |     4 |     1 ||     8
         Falchion          |       |   137 |       |       ||   137
         Flail             |       |    66 |    58 |       ||   124
         War axe           |       |       |   190 |    28 ||   218
  Throw: Throwing net      |     1 |       |       |       ||     1
         Boomerang         |       |       |     9 |       ||     9
         Dart              |       |       |     1 |     1 ||     2
 Invoke: Donate Gold       |       |     1 |       |       ||     1
         Recite            |       |       |     4 |     2 ||     6
         Vitalisation      |       |       |     1 |       ||     1
  Evoke: Wand              |     1 |       |     3 |     6 ||    10
    Use: Scroll            |       |     1 |       |       ||     1
         Potion            |       |     1 |       |       ||     1
   Stab: Held in net/web   |     1 |       |       |       ||     1
         Sleeping          |       |    31 |     2 |       ||    33
         Distracted        |       |     1 |       |       ||     1
         Paralysed         |       |       |     3 |       ||     3
 Armour: Leather armour    |       |   128 |   243 |       ||   371
         Plate armour      |       |       |   192 |    41 ||   233
  Dodge: Dodged            |     1 |   143 |   255 |    32 ||   431
